 Seeded DCSS version 0.32-a0-918-g0f22ef8d61 (webtiles) character file.

Game seed: 5662848357987942372 (custom seed)

6469 innerfire43 the Soothsayer (level 10, -11/82 HPs)
             Began as a Demonspawn Wanderer on Apr 10, 2024.
             Was a Priest of Nemelex Xobeh.
             Killed from afar by a steam dragon (21 damage)
             ... with a ball of steam
             ... on level 9 of the Dungeon.
             The game lasted 00:16:55 (7791 turns).

innerfire43 the Soothsayer (Demonspawn Wanderer)    Turns: 7791, Time: 00:16:56

Health: -11/82     AC: 17    Str: 28    XL:     10   Next: 68%
Magic:  16/16      EV:  9    Int: 10    God:    Nemelex Xobeh [***...]
Gold:   312        SH:  6    Dex: 10    Spells: 12/13 levels left

rFire   . . .        y - +4 flail (heavy)
rCold   . . .        I - +1 buckler {rN+}
rNeg    + . .        q - +1 swamp dragon scales
rPois   +            b - +0 helmet
rElec   .            w - +0 cloak {rCorr}
rCorr   +            J - +0 pair of gloves
SInv    .            B - +0 pair of boots
Will    .....        h - amulet of regeneration
Stlth   +            j - ring of wizardry
HPRegen 1.13/turn    L - +6 ring of strength
MPRegen 0.30/turn

%: wizardry (x1)
@: hasted, very quick
A: rugged brown scales 2, spiny 1, magic regeneration, demonic touch 2
a: Renounce Religion, Draw Escape, Draw Destruction, Draw Summoning, Triple Draw


You were on level 9 of the Dungeon.
You worshipped Nemelex Xobeh.
Nemelex Xobeh was most pleased with you.
You visited 1 branch of the dungeon, and saw 10 of its levels.
You also visited: Sewer.

You collected 442 gold pieces.
You spent 130 gold pieces at shops.

Inventory:

Hand Weapons
 a - a +0 hand axe
 o - a +0 war axe
 v - a +3 quarterstaff of chaos
 y - a +4 heavy flail (weapon)
 N - a +2 halberd of venom
 P - a +3 trident of draining
Missiles
 M - a throwing net
Armour
 b - a +0 helmet (worn)
 d - a +0 leather armour
 q - +1 swamp dragon scales (worn)
 r - a +0 plate armour
 w - a +0 cloak of preservation (worn)
 B - a +0 pair of boots (worn)
 I - a +1 buckler of positive energy (worn)
 J - a +0 pair of gloves (worn)
Jewellery
 h - an amulet of regeneration (around neck)
 j - a ring of wizardry (left hand)
 k - a ring of willpower
 s - a ring of willpower
 z - a ring of see invisible
 L - a +6 ring of strength (right hand)
 O - a ring of fire
Wands
 x - a wand of charming (14)
 Q - a wand of mindburst (11)
 S - a wand of flame (37)
Scrolls
 l - 4 scrolls of immolation
 p - 3 scrolls of vulnerability
 G - a scroll of revelation
 K - 4 scrolls of identify
Potions
 c - 2 potions of lignification {unknown}
 f - 2 potions of cancellation {unknown}
 g - 2 potions of brilliance
 i - 2 potions of invisibility {unknown}
 m - 2 potions of degeneration
 n - a potion of attraction {unknown}
 t - 3 potions of resistance {unknown}
 u - a potion of curing {unknown}
 A - a potion of ambrosia
 C - a potion of heal wounds
 E - 3 potions of mutation {unknown}
 R - a potion of enlightenment {unknown}


   Skills:
 + Level 7.0 Fighting
 - Level 4.1(6.0) Axes
 + Level 5.0(5.8) Maces & Flails
 - Level 4.2(5.0) Polearms
 - Level 1.0 Throwing
 + Level 6.9 Armour
 - Level 1.7 Stealth
 + Level 5.9 Shields
 - Level 2.0 Spellcasting
 - Level 1.7 Earth Magic
 * Level 8.0 Invocations


You had 12 spell levels left.
You knew the following spells:

 Your Spells              Type           Power      Damage    Failure   Level
a - Sandblast             Erth           8%         2d5       10%         1

Your spell library contained the following spells:

 Spells                   Type           Power      Damage    Failure   Level
 Freeze                   Ice            4%         1d3       21%         1
 Sting                    Conj/Alch      4%         1d3       21%         1
 Mercury Vapours          Alch/Air       2%         N/A       28%         2
 Passwall                 Erth           4%         N/A       28%         3
 Stone Arrow              Conj/Erth      4%         3d7       38%         3
 Frozen Ramparts          Ice            2%         1d1       50%         3
 Hailstorm                Conj/Ice       1%         3d5       50%         3
 Mephitic Cloud           Conj/Alch/Air  1%         N/A       50%         3
 Animate Armour           Summ/Erth      4%         N/A       77%         4
 Leda's Liquefaction      Alch/Erth      1%         N/A       77%         4
 Animate Dead             Necr           1%         N/A       86%         4
 Olgreb's Toxic Radiance  Alch           1%         N/A       86%         4
 Borgnjor's Vile Clutch   Necr/Erth      1%         N/A       98%         5
 Freezing Cloud           Conj/Ice/Air   0%         6-21      99%         5
 Death Channel            Necr           0%         N/A       100%        6
 Lehudib's Crystal Spear  Conj/Erth      1%         10d2      100%        8


Dungeon Overview and Level Annotations

Branches:
Dungeon (10/15)            Temple (0/1) D:6            Lair (0/5) D:8
  Sewer (visited)
    Orc: D:9-12

Altars:
Dithmenos
Nemelex Xobeh
Okawaru
Vehumet
Yredelemnul

Shops:
D:2 !   D:4 [   D:5 =((=(

Annotations:
D:7 1 runed translucent door
D:9 Grum, Psyche


Innate Abilities, Weirdness & Mutations

You are mostly covered in rugged brown scales. (AC +2, +5% HP)
You are partially covered in sharp spines.
You regenerate magic rapidly.
Your touch may inflict irresistible damage on your foes.


Message History

Reactivating autopickup.
You feel a bit more experienced. The yak misses you.
Your Invocations skill increases to level 8!
You feel sick. You block the steam dragon's attack.
The steam dragon claws you but does no damage.
The yak is struck by your spines. The yak gores you.
You feel sick.
The yak gores the gnoll!
The gnoll dies!
You feel sick.
You feel sick.
You are no longer poisoned.
The steam dragon breathes steam at you. The ball of steam hits you!
* * * LOW HITPOINT WARNING * * *
You hear a croak.
You are engulfed in a cloud of scalding steam.
* * * LOW HITPOINT WARNING * * *
The wolf is engulfed in a cloud of scalding steam.
The wolf is engulfed in a cloud of scalding steam.
The wolf is engulfed in a cloud of scalding steam.
The yak is engulfed in a cloud of scalding steam. x2
An electric eel comes into view.
The wolf is engulfed in a cloud of scalding steam.
An electric eel comes into view.
The electric eel shoots out a bolt of lightning at you!
The bolt of electricity hits you.
* * * LOW HITPOINT WARNING * * *
The yak is engulfed in a cloud of scalding steam.
Found a pair of boots.
The electric eel shoots out a bolt of lightning at you!
The bolt of electricity hits you but does no damage.
The wolf is struck by your spines. The wolf barely misses you.
The wolf is struck by your spines. The wolf bites you but does no damage.
The electric eel shoots out a bolt of lightning at you!
The bolt of electricity hits you!
* * * LOW HITPOINT WARNING * * *
The steam dragon breathes steam at you. The ball of steam hits you!!
You die...
Your body disappears without a glow.

§h.gYg.g...≈≈≈..
.....g.......§..........
S.......................
≈......<................
≈.......................
Y.............§......[..
...........≈≈≈§§........
..........≈≈≈≈≈.§.......
.$........≈≈≈§≈§@.....~.
)<.≈§≈....≈≈≈§§.h....~S~
.§≈§§≈≈....D§≈......S~~≈
Yg≈≈≈≈≈§....YY.....~≈≈≈≈
){≈§§≈§§..Y.gg......~~≈≈
.§Y≈≈≈§....Y.Y.......~~≈
...Y.g.Y§.gY..........~#
..)...gY..............##
.....................##


You could see Grum, 6 yaks, a gnoll sergeant, a wolf, 2 electric eels and a
gnoll.

Vanquished Creatures
  Jeremiah (D:6)
  Maggie (D:6)
  2 hornets
  Sigmund (D:3)
  A wraith (D:7)
  Eustachio (D:6)
  7 yaks
  A vampire mosquito (D:7)
  Edmund (D:6)
  An acid dragon (D:9)
  A water moccasin (D:8)
  An orc warrior (D:8)
  3 black bears
  2 ice beasts (D:6)
  2 wolves (D:9)
  2 centaurs
  2 phantoms
  2 bullfrogs (D:8)
  A gnoll sergeant (D:6)
  A kobold brigand (D:8)
  2 brain worms (Sewer)
  10 scorpions
  4 wights (D:8)
  9 killer bees
  A howler monkey (D:6)
  3 orc priests
  Crazy Yiuf (D:3)
  2 bombardier beetles (D:5)
  3 hounds
  2 jellies
  2 gnoll boudas
  3 iguanas
  A sleepcap (D:7)
  Natasha (D:3)
  5 orc wizards
  18 gnolls
  9 adders
  3 river rats
  5 dart slugs
  3 ribbon worms
  29 orcs
  6 endoplasms
  9 giant cockroaches
  4 goblins
  5 hobgoblins
  6 jackals (D:2)
  6 quokkas
  15 ball pythons
  11 bats
  11 frilled lizards
  17 kobolds
  7 rats
  A butterfly (D:7)
248 creatures vanquished.

Vanquished Creatures (others)
  3 gnolls (D:9)
3 creatures vanquished.

Grand Total: 251 creatures vanquished

Notes
Turn   | Place    | Note
-------+----------+-------------------------------------------
     0 | D:1      | innerfire43 the Demonspawn Wanderer began the quest for the
                  | Orb.
     0 | D:1      | innerfire43 set off with the following items: a +0 hand
                  | axe, a +0 helmet, a potion of might, a +0 leather armour;
                  | and the following spell memorised: Sandblast; and the
                  | following spells available to memorise: Passwall, Leda's
                  | Liquefaction.
     0 | D:1      | Reached XP level 1. HP: 15/15 MP: 3/3
   135 | D:1      | Gained mutation: You are partially covered in rugged brown
                  | scales. (AC +1, +3% HP) [demonic ancestry]
   135 | D:1      | Reached XP level 2. HP: 8/21 MP: 5/5
   676 | D:1      | Gained mutation: You are partially covered in sharp spines.
                  | [demonic ancestry]
   676 | D:1      | Reached XP level 3. HP: 26/26 MP: 6/6
   750 | D:1      | Found a faded altar of an unknown god.
  1167 | D:2      | Found Radobb's Distillery.
  1436 | D:2      | Reached XP level 4. HP: 30/33 MP: 7/7
  1626 | D:2      | Found an iron altar of Okawaru.
  2281 | D:3      | Noticed Sigmund
  2291 | D:3      | Killed Sigmund
  2292 | D:3      | Reached XP level 5. HP: 30/41 MP: 8/8
  2355 | D:3      | Noticed Natasha
  2373 | D:3      | Killed Natasha
  2374 | D:3      | Gained mutation: Your touch may inflict minor irresistible
                  | damage on your foes. [demonic ancestry]
  2374 | D:3      | Reached XP level 6. HP: 48/48 MP: 9/9
  2407 | D:3      | Found a runed translucent door.
  2408 | D:3      | Noticed Crazy Yiuf
  2518 | D:3      | Killed Crazy Yiuf
  2729 | D:4      | Found Mahucaqu's Armour Boutique.
  3164 | D:4      | Reached skill level 1 in Maces & Flails
  3188 | D:4      | Found a sparkling altar of Nemelex Xobeh.
  3215 | D:4      | Became a worshipper of Nemelex Xobeh the Trickster
  3371 | D:4      | Found a glowing drain.
  3382 | Sewer    | Entered a sewer
  3400 | Sewer    | Gained mutation: Your touch may inflict irresistible damage
                  | on your foes. [demonic ancestry]
  3400 | Sewer    | Reached XP level 7. HP: 53/53 MP: 10/10
  3921 | D:5      | Entered Level 5 of the Dungeon
  4024 | D:4      | Bought a +0 buckler of positive energy for 85 gold pieces
  4024 | D:4      | Bought a +0 pair of gloves for 45 gold pieces
  4145 | D:5      | Found a radiant altar of Vehumet.
  4145 | D:5      | Found a basalt altar of Yredelemnul.
  4185 | D:5      | Found Quan's Jewellery Shoppe.
  4276 | D:5      | Found Kazytz's Weapon Shop.
  4308 | D:5      | Reached skill level 1 in Shields
  4336 | D:5      | Found Kixkidd's Weapon Boutique.
  4358 | D:5      | Gained mutation: You regenerate magic rapidly. [demonic
                  | ancestry]
  4358 | D:5      | Reached XP level 8. HP: 62/62 MP: 11/11
  4374 | D:5      | Found Somi's Jewellery Shoppe.
  4397 | D:5      | Found Sitsaidgh's Antique Weapon Shop.
  4418 | D:5      | Reached skill level 1 in Polearms
  4422 | D:5      | Reached skill level 5 in Armour
  4655 | D:6      | Noticed Eustachio
  4662 | D:6      | Killed Eustachio
  4827 | D:6      | Reached * piety under Nemelex Xobeh
  4852 | D:6      | Noticed Edmund
  4856 | D:6      | Killed Edmund
  4883 | D:6      | Reached skill level 5 in Fighting
  5110 | D:6      | Noticed Jeremiah
  5117 | D:6      | Killed Jeremiah
  5118 | D:6      | Reached XP level 9. HP: 21/70 MP: 12/12
  5283 | D:6      | Found a staircase to the Ecumenical Temple.
  5316 | D:6      | Noticed Maggie
  5326 | D:6      | Killed Maggie
  5515 | D:7      | Reached skill level 1 in Invocations
  5522 | D:7      | Received a gift from Nemelex Xobeh
  5555 | D:7      | Reached skill level 2 in Invocations
  5681 | D:7      | Reached skill level 3 in Invocations
  5791 | D:7      | Found a runed translucent door.
  5793 | D:7      | Found a runed translucent door.
  5805 | D:7      | Found a shadowy altar of Dithmenos.
  6187 | D:7      | Reached ** piety under Nemelex Xobeh
  6291 | D:7      | Reached skill level 4 in Invocations
  6293 | D:7      | Reached skill level 5 in Shields
  6304 | D:7      | Reached skill level 5 in Invocations
  6396 | D:8      | Gained mutation: You are mostly covered in rugged brown
                  | scales. (AC +2, +5% HP) [demonic ancestry]
  6396 | D:8      | Reached XP level 10. HP: 61/79 MP: 13/13
  6419 | D:8      | Reached skill level 6 in Invocations
  6421 | D:8      | Found a staircase to the Lair.
  6525 | D:8      | Received a gift from Nemelex Xobeh
  6932 | D:8      | Reached skill level 7 in Invocations
  7316 | D:8      | Received a gift from Nemelex Xobeh
  7593 | D:9      | Noticed Grum
  7596 | D:9      | Noticed Psyche
  7664 | D:10     | Entered Level 10 of the Dungeon
  7664 | D:10     | Noticed a two-headed ogre
  7760 | D:9      | Reached *** piety under Nemelex Xobeh
  7771 | D:9      | Reached skill level 5 in Maces & Flails
  7775 | D:9      | Reached skill level 8 in Invocations
  7791 | D:9      | Killed from afar by a steam dragon

Illustrated notes

Levels and vault maps discovered:
D:1:      minmay_arrival_plants_in_alcoves, layout_basic,
          shapermc_ecumenical_altar_mp_urbaneastern, serial_bayou_crossing
D:2:      layout_loops_ring, serial_shops, shop, basic_altar
D:3:      layout_basic, uniq_natasha, uniq_sigmund, uniq_crazy_yiuf_cottage
D:4:      minmay_skewed_foursquare, layout_loops_ring,
          mainiacjoe_overflow_brackets, serial_shops, shop,
          gup_sewer_entry_bubbles
D:5:      layout_cave_pools, mainiacjoe_overflow_divided_tiny, serial_shops,
          shop, nicolae_shop_back_alley_shop, shop,
          nicolae_shop_real_fake_doors, shop
D:6:      layout_basic, minmay_temple_entry_poolview, uniq_edmund,
          uniq_eustachio, uniq_maggie, uniq_jeremiah
D:7:      lemuel_insect_pit, layout_cave_pods, nicolae_dithmenos_the_darkroom,
          minmay_crossroads
D:8:      layout_layer_cave, due_lair_maze_entry_diamond
D:9:      layout_big_octagon, serial_park, serial_park_tiny_2, uniq_grum,
          uniq_psyche
D:10:     layout_roguey, david_orc_1_choice, enter_bailey_8, kennysheep_doodads

Skill      XL: |  1  2  3  4  5  6  7  8  9 10 |
---------------+-------------------------------+-----
Axes           | 2 3 4 |  4.1
Fighting       | 2 3 4 5 6 7 |  7.0
Armour         | 2 3 4 5 6 |  6.9
Maces & Flails | 1 3 4 5 |  5.0
Shields        | 1 4 5 |  5.9
Polearms       | 3 4 |  4.2
Invocations    | 5 8 |  8.0
Throwing       | |  1.0
Stealth        | |  1.7
Spellcasting   | |  2.0
Earth Magic    | |  1.7

Action                     |  1- 3 |  4- 6 |  7- 9 | 10-12 || total
---------------------------+-------+-------+-------+-------++-------
  Melee: Hand axe          |   158 |     7 |       |       ||   165
         War axe           |       |    44 |       |       ||    44
         Unarmed           |       |    10 |       |     2 ||    12
         Flail             |       |    51 |   144 |    96 ||   291
         Touch             |       |     5 |     3 |       ||     8
    Use: Scroll            |       |     8 |     2 |     8 ||    18
         Potion            |       |       |     1 |     3 ||     4
   Stab: Sleeping          |     2 |     2 |       |       ||     4
 Armour: Leather armour    |   144 |     8 |       |       ||   152
         Plate armour      |       |   104 |   142 |       ||   246
         Skin              |       |     1 |       |     4 ||     5
         Swamp dragon scal |       |       |    73 |   195 ||   268
  Dodge: Dodged            |    79 |    19 |    98 |   121 ||   317
  Block: Buckler           |       |       |    46 |    63 ||   109

Table legend: (Time is in decaauts)
 A = Elapsed time spent in this place.
 B = Non-inter-level travel time spent in this place.
 C = Inter-level travel time spent in this place.
 D = Time resting spent in this place.
 E = Time spent auto-exploring this place.
 F = Levels seen in this place.
 G = Mean time per level.
                   A        B        C        D        E       F      G
               +--------+--------+--------+--------+--------+-----+--------+
         Total |   8161 |   7397 |    764 |      0 |   5442 |  11 |  741.9 |
       Dungeon |   7675 |   6911 |    764 |      0 |   5188 |  10 |  767.5 |
         Sewer |    486 |    486 |      0 |      0 |    253 |   1 |  486.0 |
               +--------+--------+--------+--------+--------+-----+--------+

Top non-repeatable levels by time:
     D:8: 1349 daAuts
     D:1: 1153 daAuts
     D:4: 1091 daAuts
     D:6: 888 daAuts
     D:7: 879 daAuts
     D:3: 834 daAuts
     D:2: 756 daAuts
     D:5: 584 daAuts
   Sewer: 486 daAuts
    D:10: 79 daAuts
     D:9: 56 daAuts
